 Dungeon Crawl Stone Soup version 0.26.0-16-gc1dbca0489 (webtiles) character file.

Game seed: 14162092907260015559

168 thiole the Sneak (level 5, -3/46 HPs)
             Began as an Octopode Hedge Wizard on Jan 19, 2021.
             Slain by an orc
             ... wielding a +0 trident
              (5 damage)
             ... on level 3 of the Dungeon.
             The game lasted 00:03:32 (3869 turns).

thiole the Sneak (Octopode Hedge Wizard)            Turns: 3869, Time: 00:03:32

Health: -3/46      AC:  1    Str: 10    XL:     5   Next: 49%
Magic:  10/10      EV: 14    Int: 17    God:
Gold:   152        SH:  0    Dex: 11    Spells: 10/11 levels left

rFire    . . .     SeeInvis .   a - +0 dagger
rCold    . . .     Faith    .   (no shield)
rNeg     . . .     Spirit   .   b - +0 hat
rPois    .         Reflect  .   (no amulet)
rElec    .         Harm     .   (no ring)
rCorr    .         Rampage  .   (no ring)
Will     .....                  (no ring)
Stlth    ..........             (no ring)
HPRegen  0.15/turn              (no ring)
MPRegen  0.12/turn              (no ring)
                                (no ring)
                                (no ring)

@: berserking, lethally poisoned (-3 -> -5), very quick
A: almost no armour, stealthy swim, amphibious, 8 rings, constrict 8, camouflage
1, gelatinous body 1
a: no special abilities


You were on level 3 of the Dungeon.
You visited 1 branch of the dungeon, and saw 3 of its levels.

You collected 152 gold pieces.

Inventory:

Hand Weapons
 a - a +0 dagger (weapon)
Missiles
 d - 109 stones
Armour
 b - a +0 hat (worn)
Jewellery
 j - an uncursed amulet of magic regeneration {unknown}
 n - an uncursed amulet of faith {unknown}
 r - an uncursed amulet of reflection {unknown}
Scrolls
 c - a scroll of fog {unknown}
 e - 2 scrolls of remove curse {unknown}
 g - 2 scrolls of blinking {unknown}
 h - 2 scrolls of enchant weapon {unknown}
 i - 2 scrolls of identify {unknown}
 l - 2 scrolls of amnesia {unknown}
 p - 5 scrolls of teleportation {unknown}
 q - a scroll of magic mapping {unknown}
 s - a scroll of fear {unknown}
Potions
 f - a potion of might {unknown}
 k - a potion of berserk rage
 m - a potion of flight {unknown}
 o - 2 potions of heal wounds {unknown}


   Skills:
 + Level 3.2 Dodging
 + Level 4.5 Stealth
 + Level 3.8 Spellcasting
 - Level 2.0 Conjurations
 - Level 2.0 Summonings
 - Level 1.0 Translocations


You had 10 spell levels left.
You knew the following spells:

 Your Spells              Type           Power        Failure   Level
a - Magic Dart            Conj           40%          7%          1

Your spell library contained the following spells:

 Spells                   Type           Power        Failure   Level
 Call Imp                 Summ           10%          11%         2
 Blink                    Tloc           N/A          16%         2
 Slow                     Hex            3%           24%         2
 Conjure Flame            Conj/Fire      6%           32%         3
 Mephitic Cloud           Conj/Pois/Air  5%           36%         3


Dungeon Overview and Level Annotations

Branches:
Dungeon (3/15)

Altars:
Yredelemnul
Zin
The Shining One

Annotations:
D:3 3 runed translucent doors, vvl's ghost, amateur DsFE


Innate Abilities, Weirdness & Mutations

You cannot wear most types of armour.
You are very stealthy in the water. (Stealth+)
You are amphibious.
You can wear up to eight rings at the same time.
You can use your tentacles to constrict eight enemies at once.
Your skin changes colour to match your surroundings (Stealth+).
Your rubbery body absorbs attacks. (AC +1, EV +1)


Message History

* * * LOW HITPOINT WARNING * * *
You are too berserk!
You puncture the hobgoblin!
You kill the hobgoblin!
You hit the orc. You grab the orc.
The orc is severely wounded.
You constrict the orc.
* * * LOW HITPOINT WARNING * * *
You feel sick. The orc barely misses you. x2
You barely miss the orc.
The orc is almost dead.
You constrict the orc.
You kill the orc!
The orc completely misses you.
Items here: )) †††.
You barely miss the orc. You grab the orc.
The orc is moderately wounded.
You constrict the orc, but do no damage.
The orc hits you with a +0 trident.
You die...

#....## ##'#..##
##..##...$(##....#
##'##).....)#...(#
##..##"..8..(##..##......### #
###....#[..... ##'##......(.#. #
#.†....##.....##..##.......... #
##.##..#+ ...##....#.......... #
#..##### #'#'....#.......... #
#.## ##o@##..##....†..(.. ###.#
+....#####.......... ....######
#....#.......†...... ###......#
##..##.............# ....#<..##
#####÷.............
......##########.....#...........
.................................
.................[...............
.................................


You could see an orc.

Vanquished Creatures
  A bullfrog skeleton (D:3)
  Jessica (D:3)
  3 adders (D:3)
  An ooze (D:2)
  2 worms
  2 leopard geckos
  An orc (D:3)
  7 bats
  3 giant cockroaches
  8 goblins
  9 hobgoblins
  10 jackals
  8 kobolds
  A quokka (D:2)
  2 ball pythons (D:2)
  3 frilled lizards
  12 rats
74 creatures vanquished.

Vanquished Creatures (others)
  3 plants (D:1)
3 creatures vanquished.

Grand Total: 77 creatures vanquished

Notes
Turn   | Place    | Note
-------+----------+-------------------------------------------
     0 | D:1      | thiole the Octopode Hedge Wizard began the quest for the
                  | Orb.
     0 | D:1      | Reached XP level 1. HP: 11/11 MP: 4/4
    26 | D:1      | Reached XP level 2. HP: 12/17 MP: 0/6
  1008 | D:1      | Reached skill level 3 in Stealth
  1008 | D:1      | Reached XP level 3. HP: 21/21 MP: 3/7
  2524 | D:2      | Found a basalt altar of Yredelemnul.
  2836 | D:3      | Reached XP level 4. HP: 27/27 MP: 6/8
  3300 | D:3      | Found a glowing golden altar of the Shining One.
  3334 | D:3      | Found a runed translucent gate.
  3334 | D:3      | Found a runed translucent gate.
  3335 | D:3      | Found a runed translucent gate.
  3351 | D:3      | Found a glowing silver altar of Zin.
  3368 | D:3      | Noticed vvl's ghost (amateur DsFE)
  3393 | D:3      | Reached skill level 4 in Stealth
  3413 | D:3      | Noticed Jessica
  3424 | D:3      | Killed Jessica
  3425 | D:3      | Reached XP level 5. HP: 19/31 MP: 1/10
  3866 | D:3      | HP: 2/46 [poisoned by an adder]
  3869 | D:3      | Slain by an orc

Illustrated notes

Levels and vault maps discovered:
D:1:      heliophobic_arrival_henge, layout_basic, serial_co_window_serial,
          co_window_paths_b, co_window_cross_1, co_window_of_opportunity_a,
          co_window_paths_a, co_window_paths_b, co_window_2corner,
          co_window_2corner, co_window_broadway_c, co_window_4corner_b,
          co_window_4corner_a, lexackson_kobold_supper
D:2:      layout_basic, nicolae_overflow_hidden_temple
D:3:      minmay_bubble_buster, layout_rooms, general_overflow_altar,
          gammafunk_ghost_split, nicolae_tso_carved_into_rock, uniq_jessica

Skill      XL: |  1  2  3  4 |
---------------+-------------+-----
Stealth        | 3 4 |  4.5
Conjurations   | 2 |  2.0
Summonings     | 2 |  2.0
Dodging        | 3 |  3.2
Spellcasting   | |  3.8
Translocations | |  1.0

Action                   |  1- 3 |  4- 6 || total
-------------------------+-------+-------++-------
Melee: Dagger            |    52 |    57 ||   109
       Constrict         |    16 |    19 ||    35
       Tentacles         |     8 |    10 ||    18
 Cast: Magic Dart        |    80 |    56 ||   136
  Use: Potion            |       |     1 ||     1
 Stab: Sleeping          |     1 |     1 ||     2
Armor: Skin              |     6 |     1 ||     7
Dodge: Dodged            |    26 |    35 ||    61
